 Dungeon Crawl Stone Soup version 0.29.1-1-gd02db6906a (webtiles) character file.

Game seed: 10427473080848562058

16 plokij the Shield-Bearer (level 2, -4/27 HPs)
             Began as a Minotaur Fighter on Oct 20, 2022.
             Succumbed to a kobold's poison
             ... on level 1 of the Dungeon.
             The game lasted 00:00:52 (424 turns).

plokij the Shield-Bearer (Minotaur Fighter)          Turns: 424, Time: 00:00:53

Health: -4/27      AC:  7    Str: 20    XL:     2   Next: 41%
Magic:  1/1        EV:  9    Int:  5    God:
Gold:   19         SH:  4    Dex:  9    Spells: 1/1 levels left

rFire   . . .      SeeInvis .   a - +0 long sword
rCold   . . .      Faith    .   c - +0 buckler
rNeg    . . .      Spirit   .   b - +0 scale mail
rPois   .          Reflect  .   (helmet restricted)
rElec   .          Harm     .   (no cloak)
rCorr   .          Rampage  .   (no gloves)
Will    .....                   (no boots)
Stlth   ..........              (no amulet)
HPRegen 0.09/turn               (no ring)
MPRegen 0.07/turn               (no ring)

@: lethally poisoned (-4 -> -26)
A: horns 2, retaliatory headbutt
a: no special abilities


You were on level 1 of the Dungeon.
You visited 1 branch of the dungeon, and saw 1 of its levels.

You collected 19 gold pieces.

Inventory:

Hand Weapons
 a - a +0 long sword (weapon)
Armour
 b - a +0 scale mail (worn)
 c - a +0 buckler (worn)
Scrolls
 e - a scroll of torment {unknown}
 f - a scroll of noise {unknown}
Potions
 d - a potion of might
 g - a potion of flight {unknown}
 h - a potion of mutation {unknown}


   Skills:
 + Level 3.7 Fighting
 * Level 3.0 Long Blades
 + Level 3.8 Armour
 + Level 0.5 Dodging
 + Level 3.8 Shields


You had one spell level left.
You didn't know any spells.
Your spell library was empty.

Dungeon Overview and Level Annotations

Branches:
Dungeon (1/15)

Altars:


Innate Abilities, Weirdness & Mutations

You have a pair of horns on your head.
You reflexively headbutt those who attack you in melee.


Message History

The ball python closely misses you. You furiously retaliate!
You headbutt the ball python. The ball python grabs you.
The ball python constricts you.
You hit the ball python.
You kill the ball python!
The rat closely misses you. The rat closely misses you.
You furiously retaliate!
You headbutt the rat!
You kill the rat!
You see here a ball python corpse.
A kobold comes into view. It is wielding a +1 dagger of venom.
The kobold throws a stone.
The stone hits you but does no damage.
Found a leather armour.
The kobold throws a stone.
The stone hits you but does no damage. The kobold hits you but does no damage.
You are poisoned.
You hit the kobold.
The kobold is heavily wounded.
You feel sick.
The kobold hits you with a +1 dagger of venom.
You are more poisoned.
You closely miss the kobold.
The kobold is heavily wounded.
You feel very sick. The kobold hits you but does no damage.
You are more poisoned.
The kobold hits you with a +1 dagger of venom.
You are more poisoned.
You barely miss the kobold.
The kobold is heavily wounded.
You feel extremely sick. The kobold hits you but does no damage.
You are more poisoned.
You closely miss the kobold. Your headbutt misses the kobold.
The kobold is heavily wounded.
* * * LOW HITPOINT WARNING * * *
You feel extremely sick. You block the kobold's attack.
You closely miss the kobold.
The kobold is heavily wounded.
You die...

.........#
#.###.
.....>#.##
#.....
.......†##
#.....
.........#######
#....#
................
.....#
.........#######
#....#
.........#
#....#
.........#
#....#
.......@.#
######
.......K.#
.........#
.........#
..[......#
##########


You could see a kobold.

Vanquished Creatures
  A dart slug (D:1)
  3 endoplasms (D:1)
  3 hobgoblins (D:1)
  A kobold (D:1)
  2 ball pythons (D:1)
  A bat (D:1)
  A frilled lizard (D:1)
  2 rats (D:1)
14 creatures vanquished.

Notes
Turn   | Place    | Note
-------+----------+-------------------------------------------
     0 | D:1      | plokij the Minotaur Fighter began the quest for the Orb.
     0 | D:1      | Reached XP level 1. HP: 19/19 MP: 0/0
   215 | D:1      | Reached XP level 2. HP: 27/27 MP: 1/1
   424 | D:1      | Succumbed to a kobold's poison

Illustrated notes

Levels and vault maps discovered:
D:1:      sevenhm_arrival_forest_fort_large_4, layout_rooms, minmay_pentomino_u4

Skill      XL: |  1  2 |
---------------+-------+-----
Long Blades    | 3 |  3.0
Fighting       | |  3.7
Armour         | |  3.8
Dodging        | |  0.5
Shields        | |  3.8

Action                   || total
-------------------------++-------
Melee: Long sword        ||    30
       Headbutt          ||     6
Armor: Scale mail        ||    23
Dodge: Dodged            ||    15
Block: Buckler           ||    10
